 Dungeon Crawl Stone Soup version 0.21.0-3-g78d12a8 (webtiles) character file.

172 Ignatius881 the Magician (level 5, -7/37 HPs)
             Began as a Gnoll Wizard on Jan 11, 2018.
             Was an Initiate of Sif Muna.
             Shot with an arrow by a centaur (14 damage)
             ... on level 4 of the Dungeon.
             The game lasted 00:06:31 (3222 turns).

Ignatius881 the Magician (Gnoll Wizard)             Turns: 3222, Time: 00:06:31

Health: -7/37      AC:  2    Str:  9    XL:     5   Next: 53%
Magic:  1/14       EV: 14    Int: 21    God:    Sif Muna [......]
Gold:   129        SH:  0    Dex: 14    Spells: 7/18 levels left

rFire    . . .     SeeInvis .   m - +0 short sword (venom)
rCold    . . .     Gourm    .   (no shield)
rNeg     . . .     Faith    .   a - +0 robe
rPois    .         Spirit   .   b - +0 hat
rElec    .         Reflect  .   (no cloak)
rCorr    .         Harm     .   (no gloves)
MR       .....                  (no boots)
Stlth    +++.......             (no amulet)
HPRegen  0.12/turn              (no ring)
MPRegen  0.14/turn              (no ring)

@: no status effects
A: distributed training, fangs 1, strong nose
a: Renounce Religion


You were on level 4 of the Dungeon.
You worshipped Sif Muna.
Sif Muna was noncommittal.
You were hungry.

You visited 1 branch of the dungeon, and saw 4 of its levels.

You collected 129 gold pieces.

Inventory:

Hand Weapons
 f - a +0 club
   (You took it off a goblin on level 1 of the Dungeon)
 m - a +0 short sword of venom (weapon)
   (You found it on level 1 of the Dungeon)
 p - a +1 antimagic dagger
   (You took it off a kobold on level 3 of the Dungeon)
Missiles
 g - 7 needles of sleeping (quivered)
Armour
 a - a +0 robe (worn)
 b - a +0 hat (worn)
Jewellery
 v - an uncursed ring of protection from fire {unknown}
   (You found it on level 3 of the Dungeon)
Scrolls
 d - 2 scrolls of remove curse {unknown}
 h - a scroll of amnesia
 i - a scroll of teleportation {unknown}
 k - a scroll of immolation {unknown}
 n - a scroll of magic mapping {unknown}
 r - a scroll of enchant weapon
 t - a scroll of random uselessness {unknown}
Potions
 j - a potion of haste {unknown}
 l - 4 potions of heal wounds {unknown}
 o - a potion of might {unknown}
 q - a potion of brilliance {unknown}
 s - 2 potions of berserk rage {unknown}
Books
 c - a book of Minor Magic
Comestibles
 e - 6 rations


   Skills:
 + Level 1.5 Fighting
 + Level 1.5 Short Blades
 + Level 1.5 Long Blades
 + Level 1.5 Axes
 + Level 1.5 Maces & Flails
 + Level 1.5 Polearms
 + Level 1.5 Staves
 + Level 1.5 Slings
 + Level 1.5 Bows
 + Level 1.5 Crossbows
 + Level 1.5 Throwing
 + Level 1.5 Armour
 + Level 4.8 Dodging
 + Level 4.4 Stealth
 + Level 1.5 Shields
 + Level 1.5 Unarmed Combat
 + Level 7.3 Spellcasting
 + Level 2.4 Conjurations
 + Level 1.2 Hexes
 + Level 1.2 Charms
 + Level 2.4 Summonings
 + Level 1.2 Necromancy
 + Level 2.4 Translocations
 + Level 1.2 Transmutations
 + Level 1.2 Fire Magic
 + Level 1.2 Ice Magic
 + Level 1.2 Air Magic
 + Level 1.2 Earth Magic
 + Level 1.2 Poison Magic
 + Level 1.7 Invocations
 + Level 1.5 Evocations


You had 7 spell levels left.
You knew the following spells:

 Your Spells              Type           Power        Failure   Level  Hunger
a - Magic Dart            Conj           ###.         3%          1    None
b - Blink                 Tloc           N/A          4%          2    None
c - Call Imp              Summ           ###.....     4%          2    None
d - Conjure Flame         Conj/Fire      ###.....     12%         3    None
e - Mephitic Cloud        Conj/Pois/Air  ##......     13%         3    None


Dungeon Overview and Level Annotations

Branches:
Dungeon (4/15)
 Temple: D:4-7

Altars:
Makhleb
Sif Muna
Trog
Uskayaw


Innate Abilities, Weirdness & Mutations

Your experience applies equally to all skills.
You have very sharp teeth.
Your uncanny sense of smell can sniff out nearby items.


Message History

Aim: a leopard gecko The magic dart hits the leopard gecko.
A centaur comes into view.
Aim: a leopard gecko (heavily wounded)
The magic dart hits the leopard gecko.
The centaur shouts!
The centaur wields a shortbow.
The centaur shoots an arrow.
The arrow hits you!
Aim: a leopard gecko (severely wounded)
The magic dart hits the leopard gecko.
You kill the leopard gecko!
Sif Muna accepts your kill.
Aim: a centaur, wielding a shortbow The magic dart hits the centaur.
The centaur shoots an arrow.
The arrow completely misses you.
The centaur shoots an arrow.
The arrow hits you!
Aim: a centaur, wielding a shortbow (lightly wounded)
The magic dart hits the centaur.
The centaur shoots an arrow.
The arrow barely misses you.
Aim: a centaur, wielding a shortbow (moderately wounded)
The magic dart hits the centaur.
The centaur shoots an arrow.
The arrow hits you.
The centaur shoots an arrow.
The arrow closely misses you.
Aim: a centaur, wielding a shortbow (moderately wounded)
The magic dart hits the centaur.
Aim: a centaur, wielding a shortbow (moderately wounded)
The magic dart hits the centaur.
The centaur shoots an arrow.
The arrow barely misses you.
Aim: a centaur, wielding a shortbow (heavily wounded)
The magic dart hits the centaur.
The centaur shoots an arrow.
The arrow hits you.
* * * LOW HITPOINT WARNING * * *
A quokka comes into view.
Aim: a centaur, wielding a shortbow (heavily wounded)
The magic dart hits the centaur.
The centaur shoots an arrow.
The arrow hits you.
* * * LOW HITPOINT WARNING * * *
Aim: a centaur, wielding a shortbow (severely wounded)
The magic dart hits the centaur.
The centaur shoots an arrow.
The arrow misses you.
The centaur shoots an arrow.
The arrow closely misses you.
Aim: a centaur, wielding a shortbow (severely wounded)
The magic dart hits the centaur.
The centaur shoots an arrow.
The arrow hits you!
* * * LOW HITPOINT WARNING * * *
Aim: a centaur, wielding a shortbow (severely wounded)
The magic dart hits the centaur.
The centaur shoots an arrow.
The arrow barely misses you.
Aim: a centaur, wielding a shortbow (severely wounded)
The magic dart hits the centaur.
The centaur shoots an arrow.
The arrow hits you!
You die...

##########
#........#
#......(.# ..
#........###....
#...(((.@.cr†...
#<.......###....
#........# .
#........#
##########


You could see a centaur and a quokka.

Vanquished Creatures
  A howler monkey (D:3)
  A hound (D:4)
  5 adders
  A worm (D:2)
  3 dart slugs
  3 leopard geckos
  2 orcs (D:3)
  4 bats
  2 giant cockroaches
  8 goblins
  5 hobgoblins
  3 frilled lizards
  7 kobolds
  7 rats
52 creatures vanquished.

Vanquished Creatures (collateral kills)
  2 jackals (D:3)
2 creatures vanquished.

Grand Total: 54 creatures vanquished

Notes
Turn   | Place    | Note
-------+----------+-------------------------------------------
     0 | D:1      | Ignatius881 the Gnoll Wizard began the quest for the Orb.
     0 | D:1      | Reached XP level 1. HP: 13/13 MP: 8/8
   340 | D:1      | Reached XP level 2. HP: 19/19 MP: 8/10
   822 | D:2      | Found a hide-covered altar of Uskayaw.
   911 | D:2      | Reached XP level 3. HP: 25/25 MP: 6/11
   955 | D:2      | Learned a level 2 spell: Blink
   958 | D:2      | Learned a level 2 spell: Call Imp
   962 | D:2      | Learned a level 3 spell: Conjure Flame
   966 | D:2      | Learned a level 3 spell: Mephitic Cloud
  1236 | D:2      | Reached skill level 1 in Invocations
  1357 | D:2      | Reached skill level 1 in Fighting
  1357 | D:2      | Reached skill level 1 in Short Blades
  1357 | D:2      | Reached skill level 1 in Long Blades
  1357 | D:2      | Reached skill level 1 in Axes
  1357 | D:2      | Reached skill level 1 in Maces & Flails
  1357 | D:2      | Reached skill level 1 in Polearms
  1357 | D:2      | Reached skill level 1 in Staves
  1357 | D:2      | Reached skill level 1 in Slings
  1357 | D:2      | Reached skill level 1 in Bows
  1357 | D:2      | Reached skill level 1 in Crossbows
  1357 | D:2      | Reached skill level 1 in Throwing
  1357 | D:2      | Reached skill level 1 in Armour
  1357 | D:2      | Reached skill level 1 in Shields
  1357 | D:2      | Reached skill level 1 in Unarmed Combat
  1357 | D:2      | Reached skill level 1 in Evocations
  1479 | D:2      | Reached XP level 4. HP: 32/32 MP: 9/13
  2080 | D:3      | Reached skill level 1 in Hexes
  2080 | D:3      | Reached skill level 1 in Charms
  2080 | D:3      | Reached skill level 1 in Necromancy
  2080 | D:3      | Reached skill level 1 in Transmutations
  2080 | D:3      | Reached skill level 1 in Fire Magic
  2080 | D:3      | Reached skill level 1 in Ice Magic
  2080 | D:3      | Reached skill level 1 in Air Magic
  2080 | D:3      | Reached skill level 1 in Earth Magic
  2080 | D:3      | Reached skill level 1 in Poison Magic
  2246 | D:3      | Found a burning altar of Makhleb.
  2250 | D:3      | Found a deep blue altar of Sif Muna.
  2257 | D:3      | Became a worshipper of Sif Muna the Loreminder
  2698 | D:3      | Reached XP level 5. HP: 36/37 MP: 5/14
  2927 | D:3      | Found a bloodstained altar of Trog.
  3210 | D:4      | Noticed a centaur
  3222 | D:4      | Shot with an arrow by a centaur

Skill      XL: |  1  2  3  4 |
---------------+-------------+-----
Conjurations   | 2 |  2.4
Summonings     | 2 |  2.4
Translocations | 2 |  2.4
Invocations    | 1 |  1.7
Fighting       | 1 |  1.5
Short Blades   | 1 |  1.5
Long Blades    | 1 |  1.5
Axes           | 1 |  1.5
Maces & Flails | 1 |  1.5
Polearms       | 1 |  1.5
Staves         | 1 |  1.5
Slings         | 1 |  1.5
Bows           | 1 |  1.5
Crossbows      | 1 |  1.5
Throwing       | 1 |  1.5
Armour         | 1 |  1.5
Shields        | 1 |  1.5
Unarmed Combat | 1 |  1.5
Evocations     | 1 |  1.5
Hexes          | 1 |  1.2
Charms         | 1 |  1.2
Necromancy     | 1 |  1.2
Transmutations | 1 |  1.2
Fire Magic     | 1 |  1.2
Ice Magic      | 1 |  1.2
Air Magic      | 1 |  1.2
Earth Magic    | 1 |  1.2
Poison Magic   | 1 |  1.2
Dodging        | |  4.8
Stealth        | |  4.4
Spellcasting   | |  7.3

Action                   |  1- 3 |  4- 6 || total
-------------------------+-------+-------++-------
 Cast: Magic Dart        |    79 |    81 ||   160
       Call Imp          |       |     2 ||     2
  Use: Scroll            |     3 |     1 ||     4
  Eat: Chunk             |     2 |     4 ||     6
Armor: Robe              |     1 |     2 ||     3
Dodge: Dodged            |     7 |    19 ||    26
